 Dungeon Crawl Stone Soup version 0.31-a0-931-g7b59d4eb97 (webtiles) character file.

Game seed: 16288888251667566698

220 voltaire321 the Chiller (level 5, -2/38 HPs)
             Began as a Demonspawn Ice Elementalist on Oct 20, 2023.
             Killed by nerve-wracking pain
             ... invoked by Grinder
              (8 damage)
             ... on level 4 of the Dungeon.
             The game lasted 00:09:17 (2698 turns).

voltaire321 the Chiller (DsIE)                      Turns: 2698, Time: 00:09:18

Health: -2/38      AC:  5    Str: 22    XL:     5   Next: 64%
Magic:  7/9        EV: 12    Int: 18    God:
Gold:   220        SH:  9    Dex: 13    Spells: 2/9 levels left

rFire   + . .        w - +0 hand axe (elec)
rCold   . . .        (no shield)
rNeg    . . .        x - +1 leather armour of the Blue Moon {rF+ Str+5 Int+2}
rPois   .            (no helmet)
rElec   .            (no cloak)
rCorr   .            j - +0 pair of gloves
SInv    .            (no boots)
Will    .....        c - amulet of reflection
Stlth   ++           a - +6 ring of strength
HPRegen 0.26/turn    (no ring)
MPRegen 0.11/turn

%: reflection
@: about to teleport
A: powered by pain 1, condensation shield, demonic touch 1
a: no special abilities


You were on level 4 of the Dungeon.
You visited 1 branch of the dungeon, and saw 4 of its levels.

You collected 220 gold pieces.

Inventory:

Hand Weapons
 q - a +0 rapier
 w - a +0 hand axe of electrocution (weapon)
Armour
 j - a +0 pair of gloves (worn)
 x - the +1 leather armour of the Blue Moon (worn) {rF+ Str+5 Int+2}
   (You found it on level 3 of the Dungeon)

   Str+5:     It affects your strength (+5).
   Int+2:     It affects your intelligence (+2).
   rF+:       It protects you from fire.
Jewellery
 a - a +6 ring of strength (left hand)
 c - an amulet of reflection (around neck)
 s - a ring of fire
Potions
 b - a potion of magic
 e - 2 potions of brilliance {unknown}
 f - 2 potions of curing {unknown}
 g - 2 potions of degeneration {unknown}
 l - 4 potions of enlightenment
 n - a potion of heal wounds {unknown}
 o - a potion of haste {unknown}
 r - a potion of mutation {unknown}
 t - a potion of invisibility {unknown}
 u - a potion of resistance {unknown}


   Skills:
 + Level 2.1 Fighting
 + Level 2.0 Armour
 + Level 2.8 Dodging
 - Level 1.7 Stealth
 + Level 2.9 Spellcasting
 + Level 4.3 Ice Magic


You had 2 spell levels left.
You knew the following spells:

 Your Spells              Type           Power      Damage    Failure   Level
a - Freeze                Ice            72%        1d8       3%          1
b - Frozen Ramparts       Ice            36%        1d6       10%         3
c - Ozocubu's Armour      Ice            18%        N/A       10%         3

Your spell library contained the following spells:

 Spells                   Type           Power      Damage    Failure   Level
 Summon Ice Beast         Ice/Summ       10%        N/A       61%         4


Dungeon Overview and Level Annotations

Branches:
Dungeon (4/15)
 Temple: D:4-7

Altars:
Fedhas

Annotations:
D:4 Grinder


Innate Abilities, Weirdness & Mutations

You sometimes gain a little power by taking damage.
A meltable shield of frost defends you. (SH +4)
Your touch may inflict minor irresistible damage on your foes.


Message History

The walls around you are covered in ice.
The wall freezes Grinder but does no damage.
Grinder barely misses you.
You hit Grinder. Lightning courses through Grinder!
Grinder is heavily wounded.
Grinder resists.
The wall freezes Grinder.
Grinder gestures at you.
You suddenly lose the ability to move!
Grinder completely resists.
The wall freezes Grinder but does no damage.
Grinder gestures at you. Pain shoots through your body!
Grinder completely resists.
The wall freezes Grinder but does no damage.
Grinder gestures at you. Pain shoots through your body!
Grinder completely resists.
The wall freezes Grinder but does no damage.
Grinder hits you!
You writhe in agony.
The wall freezes Grinder but does no damage.
Grinder gestures at you. Pain shoots through your body!
* * * LOW HITPOINT WARNING * * *
You can move again.
You barely miss Grinder.
Grinder is heavily wounded.
The frozen ramparts melt away.
You block Grinder's attack.
Grinder says, "Mostly I couldn't keep them alive."
You block Grinder's attack.
Okay, then.
As you read the scroll of teleportation, it crumbles to dust.
You feel strangely unstable. Grinder gestures at you.
You shrug off the repeated paralysis!
You hit Grinder. Lightning courses through Grinder! Your touch misses Grinder.
Grinder is almost dead.
Grinder gestures at you. Pain shoots through your body!
You die...
Grinder says, "Now the real fun starts!"

...#######
#..#.....#
#..#†##.##
#..#.#..#
#..#.#..#
#..#.#.##### #
#†.#.#...<.#
#.###..#.#######
#.5@............
####.###########
#... #.### ###


You could see Grinder.

Vanquished Creatures
  A scorpion (D:4)
  An orc priest (D:3)
  An iguana (D:4)
  2 adders (D:3)
  3 worms
  3 dart slugs
  4 orcs (D:3)
  7 ball pythons
  3 endoplasms
  2 giant cockroaches
  8 goblins
  8 hobgoblins
  12 kobolds
  5 quokkas
  4 bats
  4 frilled lizards
  6 rats
74 creatures vanquished.

Notes
Turn   | Place    | Note
-------+----------+-------------------------------------------
     0 | D:1      | voltaire321 the Demonspawn Ice Elementalist began the quest
                  | for the Orb.
     0 | D:1      | Reached XP level 1. HP: 13/13 MP: 3/3
   219 | D:1      | Gained mutation: You sometimes gain a little power by
                  | taking damage. [demonic ancestry]
   219 | D:1      | Reached XP level 2. HP: 20/20 MP: 0/5
   773 | D:1      | Reached skill level 1 in Fighting
   919 | D:1      | Gained mutation: Your touch may inflict minor irresistible
                  | damage on your foes. [demonic ancestry]
   919 | D:1      | Reached XP level 3. HP: 26/26 MP: 4/6
   923 | D:1      | Learned a level 3 spell: Frozen Ramparts
  1063 | D:2      | Reached skill level 1 in Armour
  1089 | D:2      | Found a faded altar of an unknown god.
  1796 | D:2      | Reached skill level 4 in Ice Magic
  1796 | D:2      | Reached XP level 4. HP: 32/32 MP: 7/7
  1841 | D:3      | Found a blossoming altar of Fedhas.
  2128 | D:3      | Identified the +1 leather armour of the Blue Moon {rF+
                  | Str+5 Int+2}
  2423 | D:3      | Gained mutation: A meltable shield of frost defends you.
                  | (SH +4) [demonic ancestry]
  2423 | D:3      | Reached XP level 5. HP: 35/38 MP: 9/9
  2434 | D:3      | Learned a level 3 spell: Ozocubu's Armour
  2685 | D:4      | Noticed Grinder
  2691 | D:4      | Paralysed by Grinder for 5 turns
  2698 | D:4      | Killed from afar by Grinder

Illustrated notes

Levels and vault maps discovered:
D:1:      tarquinn_simple_flora_water_b, layout_basic
D:2:      layout_loops_ring, hellmonk_ecumenical_altar_pennies_from_heaven,
          minmay_fractal_squares_5
D:3:      layout_basic, fedhas_ov_isle_minmay
D:4:      layout_basic, uniq_grinder

Skill      XL: |  1  2  3  4  5 |
---------------+----------------+-----
Dodging        | 2 |  2.8
Fighting       | 1 2 |  2.1
Armour         | 1 2 |  2.0
Ice Magic      | 4 |  4.3
Stealth        | |  1.7
Spellcasting   | |  2.9

Action                     |  1- 3 |  4- 6 || total
---------------------------+-------+-------++-------
  Melee: Dagger            |    73 |       ||    73
         Rapier            |    18 |    14 ||    32
         Touch             |    11 |     7 ||    18
         Punch             |     1 |     1 ||     2
         Hand axe          |       |    28 ||    28
   Cast: Freeze            |    39 |     5 ||    44
         Frozen Ramparts   |     1 |     4 ||     5
    Use: Potion            |       |     1 ||     1
         Scroll            |       |     8 ||     8
   Stab: Sleeping          |     4 |     6 ||    10
 Armour: Robe              |    31 |       ||    31
         Leather armour    |    22 |    16 ||    38
  Dodge: Dodged            |    62 |    22 ||    84
  Block: Other             |    18 |     5 ||    23
         Reflection        |     2 |       ||     2

Table legend: (Time is in decaauts)
 A = Elapsed time spent in this place.
 B = Non-inter-level travel time spent in this place.
 C = Inter-level travel time spent in this place.
 D = Time resting spent in this place.
 E = Time spent auto-exploring this place.
 F = Levels seen in this place.
 G = Mean time per level.
                   A        B        C        D        E       F      G
               +--------+--------+--------+--------+--------+-----+--------+
         Total |   2713 |   2703 |     10 |    397 |   1547 |   4 |  678.2 |
       Dungeon |   2713 |   2703 |     10 |    397 |   1547 |   4 |  678.2 |
               +--------+--------+--------+--------+--------+-----+--------+

Top non-repeatable levels by time:
     D:1: 1026 daAuts
     D:2: 798 daAuts
     D:3: 764 daAuts
     D:4: 124 daAuts
